 Dungeon Crawl Stone Soup version 0.31-a0-489-g282fc92437 (webtiles) character file.

Game seed: 14699562081398263987

277 Ethylacetat the Sneak (level 6, -1/44 HPs)
             Began as an Octopode Brigand on Aug 8, 2023.
             Was an Initiate of Gozag.
             Splashed by a jelly's acid (7 damage)
             ... on level 4 of the Dungeon.
             The game lasted 00:03:57 (2700 turns).

Ethylacetat the Sneak (Octopode Brigand)            Turns: 2700, Time: 00:03:58

Health: -1/44      AC: -15   Str: 11    XL:     6   Next: 26%
Magic:  6/6        EV: 14    Int: 13    God:    Gozag
Gold:   502        SH:  0    Dex: 15    Spells: 5/5 levels left

rFire   . . .        a - +2 dagger
rCold   . . .        (no shield)
rNeg    . . .        (helmet restricted)
rPois   .            (no amulet)
rElec   .            (no ring)
rCorr   .            (no ring)
SInv    .            (no ring)
Will    .....        (no ring)
Stlth   ++++         (no ring)
HPRegen 0.27/turn    (no ring)
MPRegen 0.10/turn    (no ring)
                     (no ring)

%: no passive effects
@: corroded
A: almost no armour, amphibious, 8 rings, camouflage 1, gelatinous body 1,
(nimble swimmer 1), tentacles
a: Renounce Religion, Potion Petition, Call Merchant, Bribe Branch


You were on level 4 of the Dungeon.
You worshipped Gozag.
Gozag was pleased with you.
You visited 1 branch of the dungeon, and saw 4 of its levels.

You collected 523 gold pieces.
You paid 21 gold pieces to Gozag.

Inventory:

Hand Weapons
 a - a +2 dagger (weapon)
Missiles
 b - 9 poisoned darts
Wands
 s - a wand of roots (6)
Scrolls
 f - a scroll of enchant weapon {unknown}
 g - a scroll of identify {unknown}
 k - 3 scrolls of vulnerability {unknown}
 l - a scroll of summoning {unknown}
 n - a scroll of immolation {unknown}
 p - a scroll of fear {unknown}
 t - a scroll of blinking {unknown}
 u - a scroll of brand weapon {unknown}
Potions
 d - a potion of enlightenment {unknown}
 e - a potion of haste {unknown}
 h - a potion of degeneration {unknown}
 i - a potion of lignification {unknown}
 j - a potion of might {unknown}
 m - a potion of mutation {unknown}
 o - a potion of cancellation {unknown}
 q - 2 potions of berserk rage {unknown}
 r - 2 potions of curing {unknown}


   Skills:
 + Level 4.7 Fighting
 - Level 2.0 Short Blades
 - Level 2.0 Throwing
 + Level 4.2 Dodging
 - Level 5.3 Stealth


You had 5 spell levels left.
You didn't know any spells.
Your spell library contained the following spells:

 Spells                   Type           Power      Damage    Failure   Level
 Necrotise                Necr           0%         1d4       30%         1
 Cigotuvi's Dreadful Rot  Necr/Pois/Air  0%         N/A       43%         2
 Ignite Poison            Fire/Tmut/Pois 0%         N/A       67%         3
 Portal Projectile        Hex/Tloc       0%         N/A       67%         3
 Stone Arrow              Conj/Erth      0%         3d7       67%         3
 Tukima's Dance           Hex            0%         N/A       67%         3
 Vampiric Draining        Necr           0%         2d6       67%         3
 Iskenderun's Mystic Bla  Conj/Tloc      0%         2d3       97%         4
 Agony                    Necr           0%         N/A       100%        5
 Freezing Cloud           Conj/Ice/Air   0%         6-21      100%        5
 Lehudib's Crystal Spear  Conj/Erth      0%         10d2      100%        8
 Animate Armour           Summ/Erth      Unusable   N/A       N/A         4

Dungeon Overview and Level Annotations

Branches:
Dungeon (4/15)             Temple (0/1) D:4

Altars:
Cheibriados
Gozag
Kikubaaqudgha
Okawaru
Qazlal


Innate Abilities, Weirdness & Mutations

You cannot wear most types of armour.
You are amphibious.
You can wear up to eight rings at the same time.
Your skin changes colour to match your surroundings (Stealth+).
Your rubbery body absorbs attacks. (AC +1, EV +1)
((You are camouflaged when in or above water. (Stealth+)))
You have tentacles for arms and can constrict up to eight enemies at once.


Message History

Press: ? - help, Q - select action, (/) - cycle Shift-Dir - straight line, f/p - jelly
Aim: a jelly (lightly wounded, 89% to hit)
You throw a curare-tipped dart. The curare-tipped dart hits the jelly.
The jelly is lightly wounded.
The jelly barely misses you.
Throw: 3 darts (curare)
Press: ? - help, Q - select action, (/) - cycle Shift-Dir - straight line, f/p - jelly
Aim: a jelly (lightly wounded, 89% to hit)
You throw a curare-tipped dart. The curare-tipped dart hits the jelly.
The jelly is lightly wounded.
The jelly barely misses you.
Throw: 2 darts (curare)
Press: ? - help, Q - select action, (/) - cycle Shift-Dir - straight line, f/p - jelly
Aim: a jelly (lightly wounded, 89% to hit)
You throw a curare-tipped dart. The curare-tipped dart hits the jelly.
The jelly is lightly wounded.
The jelly misses you.
Throw: dart (curare)
Press: ? - help, Q - select action, (/) - cycle Shift-Dir - straight line, f/p - jelly
Aim: a jelly (lightly wounded, 89% to hit)
You throw a curare-tipped dart. The curare-tipped dart hits the jelly.
The jelly is lightly wounded.
The jelly closely misses you.
Okay, then.
You hit the jelly but do no damage. The acid corrodes you!
Your tentacles burn!
The jelly is lightly wounded.
The jelly misses you.
You barely miss the jelly.
The jelly is lightly wounded.
The jelly hits you.
You are splashed with acid!
* * * LOW HITPOINT WARNING * * *
You hit the jelly but do no damage. The acid corrodes you!
Your tentacles burn!
* * * LOW HITPOINT WARNING * * *
You squeeze the jelly!
The jelly is severely wounded.
The jelly hits you.
* * * LOW HITPOINT WARNING * * *
You are splashed with acid!
You die...
Your body crumbles into a pile of gold.

### ###
########.# #..
......gJ.# #.#
########@# #.#
#.# ####.####
#.# ........#
#.# #.......#
#.#
#.......######
#.#
####.........#
#.#
############.#
#.# .........#
#.# #.#


You could see a jelly and a goblin.

Vanquished Creatures
  A sky beast (D:4)
  Ijyb (D:3)
  Terence (D:3)
  3 adders
  A shadow imp (D:4)
  2 worms
  3 dart slugs
  2 orcs (D:4)
  10 endoplasms
  3 giant cockroaches
  11 goblins
  6 hobgoblins
  6 jackals (D:3)
  3 kobolds
  6 quokkas
  7 ball pythons
  9 bats
  A frilled lizard (D:1)
  5 rats
81 creatures vanquished.

Notes
Turn   | Place    | Note
-------+----------+-------------------------------------------
     0 | D:1      | Ethylacetat the Octopode Brigand began the quest for the
                  | Orb.
     0 | D:1      | Reached XP level 1. HP: 14/14 MP: 1/1
    59 | D:1      | Reached XP level 2. HP: 19/20 MP: 2/2
   261 | D:1      | Reached XP level 3. HP: 25/25 MP: 3/3
   712 | D:2      | Found an opulent altar of Gozag.
   725 | D:2      | Became a worshipper of Gozag Ym Sagoz the Greedy
   835 | D:2      | Reached XP level 4. HP: 31/31 MP: 4/4
  1234 | D:2      | Found a faded altar of an unknown god.
  1341 | D:3      | Noticed Ijyb
  1350 | D:3      | Found an iron altar of Okawaru.
  1353 | D:3      | Killed Ijyb
  1395 | D:3      | Reached XP level 5. HP: 37/37 MP: 5/5
  1473 | D:3      | Noticed Terence
  1483 | D:3      | Killed Terence
  1864 | D:3      | You fall into a shaft and drop 1 floor!
  2008 | D:4      | Found a stormy altar of Qazlal.
  2008 | D:4      | Noticed a sky beast
  2024 | D:4      | Killed a sky beast
  2025 | D:4      | Reached XP level 6. HP: 7/44 MP: 6/6
  2393 | D:4      | Found a staircase to the Ecumenical Temple.
  2500 | D:4      | Found a snail-covered altar of Cheibriados.
  2629 | D:4      | Found an ancient bone altar of Kikubaaqudgha.
  2700 | D:4      | Splashed by a jelly's acid

Illustrated notes

Levels and vault maps discovered:
D:1:      dpeg_arrival_rhombus, layout_loops_cross
D:2:      layout_rooms, chequers_ecumenical_altar_grove, basic_altar,
          minmay_pentomino_x2
D:3:      layout_basic, okawaru_gym_becter, minivault_25, uniq_terence,
          uniq_ijyb
D:4:      layout_basic, mainiacjoe_overflow_24_doors,
          nicolae_qazlal_beasts_of_the_sky, old_standard_altar,
          minmay_temple_entry_mist, st_stairs_2, minivault_11,
          minmay_misc_feat_encased

Skill      XL: |  1  2  3  4  5 |
---------------+----------------+-----
Dodging        | 2 3 4 |  4.2
Fighting       | 3 4 |  4.7
Short Blades   | |  2.0
Throwing       | |  2.0
Stealth        | |  5.3

Action                     |  1- 3 |  4- 6 || total
---------------------------+-------+-------++-------
  Melee: Dagger            |    66 |   100 ||   166
         Constrict         |    12 |    21 ||    33
         Tentacles         |     8 |    26 ||    34
         Punch             |     1 |       ||     1
  Throw: Dart              |       |     6 ||     6
  Evoke: Wand              |       |     4 ||     4
   Stab: Sleeping          |    15 |     6 ||    21
         Distracted        |     2 |       ||     2
 Armour: Skin              |     6 |     1 ||     7
  Dodge: Dodged            |    40 |    62 ||   102

Table legend: (Time is in decaauts)
 A = Elapsed time spent in this place.
 B = Non-inter-level travel time spent in this place.
 C = Inter-level travel time spent in this place.
 D = Time resting spent in this place.
 E = Time spent auto-exploring this place.
 F = Levels seen in this place.
 G = Mean time per level.
                   A        B        C        D        E       F      G
               +--------+--------+--------+--------+--------+-----+--------+
         Total |   2682 |   2635 |     47 |      0 |   2154 |   4 |  670.5 |
       Dungeon |   2682 |   2635 |     47 |      0 |   2154 |   4 |  670.5 |
               +--------+--------+--------+--------+--------+-----+--------+

Top non-repeatable levels by time:
     D:4: 832 daAuts
     D:1: 695 daAuts
     D:3: 592 daAuts
     D:2: 561 daAuts
